 Dungeon Crawl Stone Soup version 0.20-a0-267-g4a7ec2a (webtiles) character file.

192 PurpleRed the Vandal (level 6, -7/42 HPs)
             Began as a Halfling Hunter on Dec 7, 2016.
             Mangled by Grinder (8 damage)
             ... while paralysed by Grinder
             ... on level 3 of the Dungeon.
             The game lasted 00:09:12 (3088 turns).

PurpleRed the Vandal (Halfling Hunter)              Turns: 3088, Time: 00:09:12

Health: -7/42      AC:  8    Str: 20    XL:     6   Next: 2%
Magic:  6/6        EV:  3    Int:  9    God:
Gold:   129        SH:  0    Dex: 15    Spells: 5/5 levels left

rFire  . . .     SeeInvis +     b - +0 hand axe
rCold  . . .     Gourm    .     j - +0 scale mail
rNeg   . . .     Faith    .     (shield restricted)
rPois  .         Spirit   .     g - +1 helmet {SInv}
rElec  .         Reflect  +     (no cloak)
rCorr  .         Harm     .     (no gloves)
MR     .....                    (no boots)
Stlth  ..........               r - +5 amulet of reflection
                                (no ring)
                                (no ring)

@: paralysed, mighty
A: mutation resistance 1
a: no special abilities


You were on level 3 of the Dungeon.
You were hungry.

You visited 1 branch of the dungeon, and saw 3 of its levels.

You collected 129 gold pieces.

Inventory:

Hand Weapons
 a - a +2 hunting sling
 b - a +0 hand axe (weapon)
 k - a +0 whip
 l - a +0 short sword
 m - a +0 blowgun
Missiles
 e - 26 poisoned needles
 p - 20 stones (quivered)
 t - 22 sling bullets
Armour
 g - a +1 helmet of see invisible (worn)
 j - a +0 scale mail (worn)
Jewellery
 r - a +5 amulet of reflection (around neck)
Scrolls
 d - a scroll of teleportation
 n - a scroll of remove curse
 u - a scroll of fog
 v - 3 scrolls of enchant weapon
Potions
 h - 5 potions of flight
 o - a potion of might
 s - a potion of curing
Comestibles
 c - 7 fruits
 f - 2 bread rations
 i - a slice of pizza


   Skills:
 - Level 3.2 Fighting
 * Level 4.2 Axes
 - Level 5.8 Slings
 - Level 2.1 Dodging
 - Level 1.1 Stealth


You had 5 spell levels left.
You didn't know any spells.

Dungeon Overview and Level Annotations

Branches:
Dungeon (3/15)

Altars:

Annotations:
D:3 Grinder


Innate Abilities, Weirdness & Mutations

You are small and have problems with some larger weapons.
You are somewhat resistant to further mutation.


Message History

You can move again.
You hit Grinder.
Grinder is lightly wounded.
Grinder hits you.
You writhe in agony.
You feel very mighty all of a sudden. You block Grinder's attack.
You barely miss Grinder.
Grinder is lightly wounded.
Grinder barely misses you.
You hit Grinder.
Grinder is moderately wounded.
Grinder gestures at you.
You suddenly lose the ability to move!
Grinder gestures at you. Pain shoots through your body!
* * * LOW HITPOINT WARNING * * *
Grinder hits you.
* * * LOW HITPOINT WARNING * * *
Grinder hits you!
You die...

###.......########
#.......
#..............#
#.#.....
#..............####
#......)
###.................#
#.
.§...####........##.#
#.
§.................>.#
### #.
§....####.######....#
#<# ## ...§§# #..
#5#.## #.# # .....#
##. #@#.# #.####
.....# #.#.# #.....
.....# #(#.# ######
.....# #(#.# . ......
..#.# # ..#.# ...#.#
##.#.# .....


You could see Grinder.

Vanquished Creatures
  3 orc priests
  2 adders (D:2)
  2 worms (D:2)
  2 dart slugs
  2 leopard geckos
  5 orcs
  11 bats
  2 giant cockroaches
  9 goblins
  11 hobgoblins
  3 jackals (D:3)
  4 kobolds
  A quokka (D:2)
  5 frilled lizards
  7 rats
69 creatures vanquished.

Notes
Turn   | Place    | Note
-------+----------+-------------------------------------------
     0 | D:1      | PurpleRed the Halfling Hunter began the quest for the Orb.
     0 | D:1      | Reached XP level 1. HP: 14/14 MP: 1/1
   332 | D:1      | Reached XP level 2. HP: 17/20 MP: 2/2
   926 | D:1      | Reached skill level 1 in Axes
   926 | D:1      | Reached XP level 3. HP: 25/25 MP: 3/3
  1315 | D:2      | Reached XP level 4. HP: 30/30 MP: 4/4
  2188 | D:3      | Reached XP level 5. HP: 34/36 MP: 5/5
  2757 | D:3      | Reached XP level 6. HP: 10/42 MP: 6/6
  3057 | D:3      | Noticed Grinder
  3070 | D:3      | Paralysed by Grinder for 4 turns
  3077 | D:3      | Paralysed by Grinder for 5 turns
  3085 | D:3      | Paralysed by Grinder for 4 turns
  3087 | D:3      | HP: 1/42 [Grinder (3)]
  3088 | D:3      | Mangled by Grinder

Vault maps used:
D:1:      zelgadis_glass_arrival_small, serial_glass, glass_columns_a,
          glass_columns_b, glass_columns_c, glass_columns_b, glass_columns_a,
          glass_columns_c, minmay_strange_pillars, hex_medium
D:3:      uniq_grinder

Skill      XL: |  1  2  3  4  5 |
---------------+----------------+-----
Fighting       | 2 3 |  3.2
Axes           | 1 3 4 |  4.2
Slings         | |  5.8
Dodging        | |  2.1
Stealth        | |  1.1

Action                   |  1- 3 |  4- 6 || total
-------------------------+-------+-------++-------
Melee: Short sword       |    80 |     8 ||    88
       Hand axe          |     2 |   111 ||   113
 Fire: Hunting sling     |    35 |    29 ||    64
  Use: Scroll            |       |    10 ||    10
       Potion            |       |     2 ||     2
  Eat: Chunk             |     1 |     5 ||     6
Armor: Scale mail        |    39 |    42 ||    81
       Leather armour    |     1 |       ||     1
       Ring mail         |     1 |       ||     1
Dodge: Dodged            |    69 |    87 ||   156
Block: Other             |    10 |    28 ||    38
       Reflection        |       |     1 ||     1
